 Dungeon Crawl Stone Soup version 0.31-a0-167-g1c394c0614 (webtiles) character file.

Game seed: 12706254447379776218

240 Dittersdorf the Trooper (level 6, 0/39 HPs)
             Began as a Gargoyle Fighter on June 14, 2023.
             Slain by a hound (5 damage)
             ... on level 4 of the Dungeon.
             The game lasted 00:04:10 (2976 turns).

Dittersdorf the Trooper (Gargoyle Fighter)          Turns: 2976, Time: 00:04:10

Health: 0/39       AC: 11    Str: 21    XL:     6   Next: 8%
Magic:  6/6        EV:  9    Int:  9    God:
Gold:   252        SH:  4    Dex:  9    Spells: 5/5 levels left

rFire   + . .        x - +0 morningstar
rCold   . . .        c - +0 buckler
rNeg    + . .        b - +0 scale mail
rPois   ∞            (no helmet)
rElec   +            (no cloak)
rCorr   .            (no gloves)
SInv    +            (no boots)
Will    .....        (no amulet) Stlth
                     i - ring of protection from fire
HPRegen 0.26/turn    n - ring of see invisible
MPRegen 0.10/turn

%: no passive effects
@: no status effects
A: sickness immunity, AC +4, negative energy resistance 1, electricity
resistance, torment resistance 1, petrification resistance
a: no special abilities


You were on level 4 of the Dungeon.
You visited 1 branch of the dungeon, and saw 4 of its levels.

You collected 252 gold pieces.

Inventory:

Hand Weapons
 x - a +0 morningstar (weapon)
Armour
 b - a +0 scale mail (worn)
 c - a +0 buckler (worn)
Jewellery
 a - a ring of flight
 i - a ring of protection from fire (left hand)
 n - a ring of see invisible (right hand)
Wands
 l - a wand of roots (4)
Scrolls
 f - a scroll of fog
 h - a scroll of torment {unknown}
 m - a scroll of immolation {unknown}
 r - 2 scrolls of enchant armour {unknown}
 s - a scroll of fear {unknown}
 u - a scroll of brand weapon {unknown}
 w - a scroll of teleportation {unknown}
Potions
 d - a potion of might
 e - a potion of magic
 g - 2 potions of enlightenment
 j - a potion of degeneration {unknown}
 k - 2 potions of mutation {unknown}
 o - a potion of invisibility {unknown}
 p - 2 potions of haste {unknown}
 q - a potion of curing
 t - a potion of heal wounds {unknown}
 v - a potion of attraction {unknown}


   Skills:
 + Level 4.6 Fighting
 + Level 3.4 Maces & Flails
 + Level 4.5 Armour
 + Level 4.5 Shields


You had 5 spell levels left.
You didn't know any spells.
Your spell library contained the following spells:

 Spells                   Type           Power      Damage    Failure   Level
 Beastly Appendage        Tmut           0%         N/A       78%         1
 Shock                    Conj/Air       0%         1d3       78%         1
 Wereblood                Tmut           0%         N/A       89%         2
 Spider Form              Tmut/Pois      0%         N/A       98%         3
 Swiftness                Air            0%         N/A       98%         3
 Airstrike                Air            0%         2d(0-16)  100%        4


Dungeon Overview and Level Annotations

Branches:
Dungeon (4/15)
 Temple: D:4-7

Altars:
Fedhas
Hepliaklqana
Kikubaaqudgha

Shops:
D:4 =


Innate Abilities, Weirdness & Mutations

You are immune to sickness and miasma.
Your stone body is resilient. (AC +4)
You are immune to poison.
You resist negative energy. (rN+)
You are resistant to electric shocks. (rElec)
You are resistant to unholy torment.
You are immune to petrification.


Message History

The hound bites you but does no damage. You block the hound's attack.
The orc hits you with a +0 short sword. The orc barely misses you.
The orc hits you but does no damage. The kobold closely misses you.
The hound barely misses you. The hound bites you but does no damage.
You barely miss the hound.
The hound is almost dead.
You block the hound's attack. x2; The orc hits you with a +0 short sword.
The orc hits you with a +0 war axe. The orc hits you but does no damage.
The kobold closely misses you. The hound bites you.
* * * LOW HITPOINT WARNING * * *
The hound bites you but does no damage.
You are too injured to fight recklessly!
The hound attacks as you move away! The hound barely misses you.
The orc hits you with a +0 short sword.
* * * LOW HITPOINT WARNING * * *
The orc hits you but does no damage. The hound bites you.
* * * LOW HITPOINT WARNING * * *
The orc attacks as you move away! The orc barely misses you.
The orc hits you but does no damage.
The white imp hits you but does no damage.
The white imp attacks as you move away! The white imp hits you.
* * * LOW HITPOINT WARNING * * *
The white imp freezes you.
* * * LOW HITPOINT WARNING * * *
There is an open door here.
The white imp attacks as you move away!
The white imp hits you but does no damage.
There is an open door here.
The hound stops to sniff the ground.
The white imp gestures at you. The puff of frost hits you.
* * * LOW HITPOINT WARNING * * *
The hound attacks as you move away! The hound bites you but does no damage.
The hound barely misses you. The hound attacks as you move away!
The hound bites you but does no damage. x2
The hound barely misses you. The hound attacks as you move away!
You block the hound's attack. The hound closely misses you.
You open the door. The hound bites you.
You die...

##...#####...##.. ...
+......#..5...+..# .#
##......#......##.. #
#.......#..o....#...
#+####.......'..o....#
.....#.......#.......#
.....##......#..o...##
......+......#..h...+
......##...#####@..## . ..
.......#.#'#...#'#.# .#.
.....#####.......##### ...
...#+#.#...........#.#+# #..
####...##....)....##...###.#
.#......'....)....+......#.#
.#......##.......##......#.#
.#.......#.......#.......#.#
.'.......####+####.......'.######


You could see a hound, a white imp and 3 orcs.

Vanquished Creatures
  A sleepcap (D:4)
  7 adders
  4 gnolls
  A worm (D:3)
  A dart slug (D:1)
  12 orcs
  5 ball pythons
  11 bats
  10 endoplasms
  3 giant cockroaches
  8 goblins
  5 hobgoblins
  6 quokkas
  5 frilled lizards
  7 kobolds
  10 rats
96 creatures vanquished.

Notes
Turn   | Place    | Note
-------+----------+-------------------------------------------
     0 | D:1      | Dittersdorf the Gargoyle Fighter began the quest for the
                  | Orb.
     0 | D:1      | Reached XP level 1. HP: 14/14 MP: 1/1
    73 | D:1      | Reached XP level 2. HP: 19/19 MP: 2/2
   290 | D:1      | Reached XP level 3. HP: 23/23 MP: 3/3
  1027 | D:2      | Reached XP level 4. HP: 28/29 MP: 4/4
  1322 | D:2      | Reached XP level 5. HP: 23/33 MP: 5/5
  2125 | D:3      | Found a hazy altar of Hepliaklqana.
  2125 | D:3      | Found a blossoming altar of Fedhas.
  2422 | D:3      | Found an ancient bone altar of Kikubaaqudgha.
  2683 | D:4      | Reached XP level 6. HP: 36/39 MP: 6/6
  2746 | D:4      | Found Esityosell's Jewellery Shoppe.
  2976 | D:4      | Slain by a hound

Illustrated notes

Levels and vault maps discovered:
D:1:      mainiacjoe_arrival_reflecting_pool, layout_basic,
          minmay_stone_trees_medium, grunt_decor_one_mirror, st_stairs_11,
          solitary_fountain, kennysheep_doodads, nicolae_titane
D:2:      layout_basic, grunt_ministairs_6, minmay_hedge_maze
D:3:      layout_basic, nicolae_kikubaaqudgha_miasma_corner,
          gammafunk_temple_overflow_wave, grunt_decor_arrowhead
D:4:      nicolae_cairo_tiling_very_big, layout_basic, serial_shops, shop,
          st_stairs_9

Skill      XL: |  1  2  3  4  5 |
---------------+----------------+-----
Fighting       | 4 |  4.6
Shields        | 4 |  4.5
Armour         | 4 |  4.5
Maces & Flails | 3 |  3.4

Action                     |  1- 3 |  4- 6 || total
---------------------------+-------+-------++-------
  Melee: Flail             |   128 |   193 ||   321
         Morningstar       |       |     8 ||     8
    Use: Scroll            |       |     3 ||     3
 Armour: Scale mail        |    69 |   139 ||   208
  Dodge: Dodged            |    57 |   115 ||   172
  Block: Buckler           |    25 |    70 ||    95

Table legend: (Time is in decaauts)
 A = Elapsed time spent in this place.
 B = Non-inter-level travel time spent in this place.
 C = Inter-level travel time spent in this place.
 D = Time resting spent in this place.
 E = Time spent auto-exploring this place.
 F = Levels seen in this place.
 G = Mean time per level.
                   A        B        C        D        E       F      G
               +--------+--------+--------+--------+--------+-----+--------+
         Total |   3076 |   2971 |    105 |    102 |   2094 |   4 |  769.0 |
       Dungeon |   3076 |   2971 |    105 |    102 |   2094 |   4 |  769.0 |
               +--------+--------+--------+--------+--------+-----+--------+

Top non-repeatable levels by time:
     D:1: 1105 daAuts
     D:2: 875 daAuts
     D:3: 598 daAuts
     D:4: 497 daAuts
